 Dungeon Crawl Stone Soup version 0.23-a0-607-g760965b (webtiles) character file.

30 galech the Skirmisher (level 3, 22/29 HPs)
             Began as a Demonspawn Fighter on Dec 20, 2018.
             Quit the game on level 1 of the Dungeon.
             The game lasted 00:00:46 (633 turns).

galech the Skirmisher (Demonspawn Fighter)           Turns: 633, Time: 00:00:47

Health: 22/29      AC:  6    Str: 16    XL:     3   Next: 3%
Magic:  3/3        EV:  6    Int:  9    God:
Gold:   41         SH:  9    Dex: 13    Spells: 2/2 levels left

rFire    . . .     SeeInvis .   a - +0 war axe
rCold    . . .     Gourm    .   c - +0 shield
rNeg     . . .     Faith    .   b - +0 scale mail
rPois    .         Spirit   .   (helmet restricted)
rElec    .         Reflect  .   (no cloak)
rCorr    .         Harm     .   (no gloves)
MR       .....                  (no boots)
Stlth    ..........             (no amulet)
HPRegen  0.09/turn              (no ring)
MPRegen  0.08/turn              (no ring)

@: no status effects
A: antennae 1, spiny 1
a: no special abilities


You were on level 1 of the Dungeon.
You were not hungry.

You visited 1 branch of the dungeon, and saw 1 of its levels.

You collected 41 gold pieces.

Inventory:

Hand Weapons
 a - a +0 war axe (weapon)
Armour
 b - a +0 scale mail (worn)
 c - a +0 shield (worn)
Scrolls
 g - a scroll of identify {unknown}
 j - a scroll of remove curse {unknown}
Potions
 d - a potion of might
 e - a potion of magic {unknown}
 h - a potion of flight {unknown}
 k - a potion of cancellation {unknown}
Comestibles
 f - 2 rations
 i - 5 chunks of flesh


   Skills:
 + Level 3.4 Fighting
 + Level 1.8 Axes
 + Level 3.1 Armour
 + Level 0.1 Stealth
 + Level 3.0 Shields


You had 2 spell levels left.
You didn't know any spells.
Your spell library was empty.

Dungeon Overview and Level Annotations

Branches:
Dungeon (1/15)

Altars:


Innate Abilities, Weirdness & Mutations

You have a pair of small antennae on your head.
You are partially covered in sharp spines.


Message History

You block the leopard gecko's attack.
The leopard gecko bites you but does no damage.
You miss the leopard gecko.
The leopard gecko is severely wounded.
The leopard gecko barely misses you. The leopard gecko bites you.
You hit the leopard gecko but do no damage.
The leopard gecko is heavily wounded.
The leopard gecko bites you. You block the leopard gecko's attack.
You slash the leopard gecko!
You kill the leopard gecko!
You have reached level 3!
Your experience leads to an increase in your attributes!
Increase (S)trength, (I)ntelligence, or (D)exterity?
You feel agile.
Your demonic ancestry asserts itself...
Sharp spines emerge from parts of your body.
You see here a leopard gecko corpse.
You butcher the leopard gecko corpse.
i - 5 chunks of flesh (gained 2)
You see here a leopard gecko skeleton.
Are you sure you want to abandon this character and quit the game? (Confirm

#..# #..# ##.# #..#
#.# #..#### #.#
#.....# #)# #.#.#.#
#.# #.#.#.#######.#
#.# ....#.........#
#.##.#######.######
#.##. {#..@.###
#.##. #......#
#.##. #†####.# #.#
#..........#
#.##.###.#######
#.# #. #.# #. #÷#
#. ######.# ##


There were no monsters in sight!

Vanquished Creatures
  A gnoll (D:1)
  A dart slug (D:1)
  A leopard gecko (D:1)
  A giant cockroach (D:1)
  A goblin (D:1)
  3 hobgoblins (D:1)
  3 bats (D:1)
  2 frilled lizards (D:1)
  5 kobolds (D:1)
  2 rats (D:1)
20 creatures vanquished.

Notes
Turn   | Place    | Note
-------+----------+-------------------------------------------
     0 | D:1      | galech the Demonspawn Fighter began the quest for the Orb.
     0 | D:1      | Reached XP level 1. HP: 18/18 MP: 1/1
   206 | D:1      | Gained mutation: You have a pair of small antennae on your
                  | head. [demonic ancestry]
   206 | D:1      | Reached XP level 2. HP: 10/24 MP: 2/2
   629 | D:1      | Gained mutation: You are partially covered in sharp spines.
                  | [demonic ancestry]
   629 | D:1      | Reached XP level 3. HP: 22/29 MP: 3/3
   633 | D:1      | Quit the game

Vault maps used:
D:1:      moated_graveyard_arrival, minmay_misc_feat_ornament

Skill      XL: |  1  2 |
---------------+-------+-----
Armour         | 3 |  3.1
Shields        | 3 |  3.0
Fighting       | |  3.4
Axes           | |  1.8
Stealth        | |  0.1

Action                   || total
-------------------------++-------
Melee: War axe           ||    70
Armor: Scale mail        ||    38
Dodge: Dodged            ||    19
Block: Shield            ||    39

Table legend:
 A = Non-vault XP
 B = Vault XP
 C = Vault XP percentage of total XP
 D = Non-vault monster count
 E = Vault monster count
 F = Vault count percentage of total count
                 A         B        C        D         E       F
            +---------+---------+-------+---------+---------+-------
      Total |      43 |       0 |   0.0 |      20 |       0 |   0.0
            +---------+---------+-------+---------+---------+-------
        D:1 |      43 |       0 |   0.0 |      20 |       0 |   0.0
            +---------+---------+-------+---------+---------+-------
